 Dungeon Crawl Stone Soup version 0.17-a0-1802-g9847487 (webtiles) character file.

1909 Leibowitz the Ducker (level 8, -1/62 HPs)
             Began as a Demonspawn Fighter on Sept 11, 2015.
             Was an Initiate of Trog.
             Slain by a wraith (11 damage)
             ... in an ossuary.
             The game lasted 00:15:36 (4870 turns).

Leibowitz the Ducker (Demonspawn Fighter)           Turns: 4870, Time: 00:15:36

Health: -1/62      AC:  7    Str: 20    XL:     8   Next: 94%
Magic:  8/8        EV: 12    Int:  9    God:    Trog [......]
Gold:   261        SH: 10    Dex: 12    Spells: 0 memorised, 7 levels left

rFire  + + .     SeeInvis .     a - +0 war axe
rCold  . . .     Clarity  .     n - +1 robe of Afyco {rF+} (curse)
rNeg   . . .     SustAt   .     c - +0 shield
rPois  .         Gourm    .     (no helmet)
rElec  .         Spirit   .     (no cloak)
rCorr  .         Warding  .     C - +1 pair of gloves
rMut   .         Stasis   .     (no boots)
MR     .....                    (no amulet)
Stlth  ++........               (no ring)
                                w - ring of protection from fire

@: flying, slowed, very slow, not resistant to hostile enchantments, unstealthy
A: talons 1, thin metallic scales 1, spiny 2
a: Burn Spellbooks, Renounce Religion


You were in an ossuary.
You worshipped Trog.
Trog was noncommittal.
You were not hungry.

You visited 2 branches of the dungeon, and saw 7 of its levels.
You also visited: Ossuary.

You collected 261 gold pieces.

Inventory:

Hand weapons
 a - a +0 war axe (weapon)
Missiles
 x - 9 javelins (quivered)
 E - 13 poisoned needles
Armour
 c - a +0 shield (worn)
 n - the cursed +1 robe of Afyco (worn) {rF+}
   (You found it on level 4 of the Dungeon)

   It protects you from fire.
   It has a curse placed upon it.
 C - a +1 pair of gloves (worn)
Jewellery
 w - a ring of protection from fire (left hand)
 H - an uncursed ring of ice
Magical devices
 G - a wand of fireball (5)
Scrolls
 d - 2 scrolls of blinking {unknown}
 f - 8 scrolls of identify {unknown}
 o - a scroll of remove curse {unknown}
 p - 3 scrolls of enchant weapon {unknown}
 q - a scroll of random uselessness {unknown}
 r - 4 scrolls of recharging {unknown}
 u - 5 scrolls of fog {unknown}
 y - a scroll of amnesia {unknown}
 B - 3 scrolls of teleportation {unknown}
 I - a scroll of noise {unknown}
 L - a scroll of enchant armour {unknown}
Potions
 e - a potion of poison {unknown}
 h - 2 potions of flight
 i - a potion of agility {unknown}
 j - a potion of ambrosia {unknown}
 k - a potion of haste {unknown}
 m - a potion of lignification {unknown}
 s - 2 potions of degeneration {unknown}
 t - 2 potions of curing
 z - 3 potions of magic
 A - a potion of invisibility
 D - a potion of cancellation {unknown}
 F - a potion of berserk rage {unknown}
 J - a potion of resistance {unknown}
 K - 3 potions of heal wounds {unknown}
Comestibles
 b - 8 bread rations
 g - 6 fruits
 l - 5 meat rations
 v - a slice of pizza


   Skills:
 + Level 5.1 Fighting
 + Level 4.7 Axes
 + Level 1.5 Throwing
 + Level 5.1 Armour
 + Level 5.4 Dodging
 + Level 2.0 Stealth
 + Level 5.1 Shields


You had 7 spell levels left.
You didn't know any spells.

Dungeon Overview and Level Annotations

Branches:
Dungeon (6/15)             Temple (1/1) D:5

Altars:
Ashenzari
Cheibriados
Dithmenos
Elyvilon
Gozag
Nemelex Xobeh
Okawaru
Qazlal
Ru
Sif Muna
Trog
Vehumet
Xom
Yredelemnul
Zin
The Shining One

Shops:
D:4 (


Innate Abilities, Weirdness & Mutations

You have sharp toenails.
You are partially covered in thin metallic scales (AC +2).
You are mostly covered in sharp spines.


Message History

The wraith is heavily damaged.
The wraith hits you.
* * * LOW HITPOINT WARNING * * *
The wraith drains your vigour!
You feel as though you will be slow longer.
* * * LOW HITPOINT WARNING * * *
The wraith hits you!
* * * LOW HITPOINT WARNING * * *
Drink which item? (? for menu, Esc to quit)
It was a potion of magic.
Magic courses through your body. The wraith hits you.
* * * LOW HITPOINT WARNING * * *
You block the wraith's attack.
Drink which item? (? for menu, Esc to quit)
It was a potion of curing.
You feel better. You block the wraith's attack.
Drink which item? (? for menu, Esc to quit)
It was a potion of flight.
You feel very buoyant.
You fly up into the air.
The wraith barely misses you. The wraith is struck by your spines.
The wraith hits you!
You die...

#.∩.....................∩.
#.......#####+#####.......
#......##.........##......
#.....##...#####...##.....
#....##...##...##...##....
#....#...##.....##...#....
#....+...#...!...#...'....
#....#...##.?!!.##...#....
#....##..@##.W.##...##....
#.....##..W##'##...##.....
#......##.........##......
#.......#####+#####.......
#.∩.....................∩.
#.........................
############'''###########
####...#### #..'...'..#


You could see a wraith.

Vanquished Creatures
  Sigmund (D:4)
  Edmund (D:4)
  2 black bears (D:6)
  3 ogres
  The ghost of Leibowitz the Skirmisher, an average DsBe of Trog (D:3)
  A sky beast (D:5)
  A centaur (D:5)
  3 scorpions (D:6)
  4 wights (D:6)
  3 crimson imps
  A hound (D:5)
  An orc wizard (D:3)
  A quasit (D:6)
  An orc priest (D:4)
  5 worker ants
  Jessica (D:2)
  A killer bee zombie (D:5)
  2 hound skeletons (D:6)
  A mummy (Ossuary)
  9 adders
  An ooze (D:5)
  An adder skeleton (D:4)
  3 worms
  3 giant geckos
  16 orcs
  2 ball pythons (D:1)
  7 bats
  6 giant cockroaches
  7 goblins
  7 hobgoblins
  3 jackals (D:5)
  3 giant newts
  7 gnoll skeletons (Ossuary)
  A jackal zombie (D:6)
  7 kobolds
  4 kobold skeletons (Ossuary)
  14 orc skeletons (Ossuary)
  8 rats
143 creatures vanquished.

Vanquished Creatures (others)
  5 toadstools (D:1)
5 creatures vanquished.

Grand Total: 148 creatures vanquished

Notes
Turn   | Place    | Note
--------------------------------------------------------------
     0 | D:1      | Leibowitz the Demonspawn Fighter began the quest for the Orb.
     0 | D:1      | Reached XP level 1. HP: 18/18 MP: 1/1
   219 | D:1      | Found a snail-covered altar of Cheibriados.
   285 | D:1      | Gained mutation: You are partially covered in sharp spines. [demonic ancestry]
   285 | D:1      | Reached XP level 2. HP: 24/24 MP: 2/2
   901 | D:2      | Gained mutation: You are partially covered in thin metallic scales (AC +2). [demonic ancestry]
   901 | D:2      | Reached XP level 3. HP: 25/29 MP: 3/3
  1181 | D:2      | Noticed Jessica
  1189 | D:2      | Killed Jessica
  1226 | D:2      | Gained mutation: You are mostly covered in sharp spines. [demonic ancestry]
  1226 | D:2      | Reached XP level 4. HP: 27/35 MP: 4/4
  1799 | D:3      | Noticed Leibowitz's ghost (average DsBe)
  1807 | D:3      | Reached skill level 1 in Dodging
  1807 | D:3      | Gained mutation: You have sharp toenails. [demonic ancestry]
  1807 | D:3      | Reached XP level 5. HP: 20/41 MP: 5/5
  1810 | D:3      | Killed Leibowitz's ghost
  1965 | D:3      | Reached XP level 6. HP: 43/48 MP: 6/6
  2377 | D:4      | Reached skill level 4 in Armour
  2653 | D:4      | Noticed Sigmund
  2666 | D:4      | Killed Sigmund
  2666 | D:4      | Reached XP level 7. HP: 33/54 MP: 7/7
  2788 | D:4      | Found a shimmering altar of Xom.
  2788 | D:4      | Found a stormy altar of Qazlal.
  2939 | D:4      | Got a wizard robe
  2950 | D:4      | Identified the cursed +1 robe of Afyco {rF+} (You found it on level 4 of the Dungeon)
  2974 | D:4      | Noticed Edmund
  2989 | D:4      | Killed Edmund
  2989 | D:4      | Reached skill level 1 in Throwing
  3241 | D:4      | Found Nupenoit's Weapon Shoppe.
  3338 | D:5      | Entered Level 5 of the Dungeon
  3394 | D:5      | Found an iron altar of Okawaru.
  3538 | D:5      | Found an opulent altar of Gozag.
  3595 | D:5      | Reached XP level 8. HP: 59/61 MP: 8/8
  3706 | D:5      | Reached skill level 5 in Armour
  3713 | D:5      | Found a staircase to the Ecumenical Temple.
  3719 | Temple   | Entered the Ecumenical Temple
  3816 | Temple   | Became a worshipper of Trog the Wrathful
  3924 | D:5      | Reached skill level 1 in Stealth
  4581 | D:6      | Reached skill level 5 in Fighting
  4581 | D:6      | Reached skill level 5 in Dodging
  4581 | D:6      | Reached skill level 5 in Shields
  4599 | D:6      | Acquired Trog's first power
  4650 | D:6      | Found a sand-covered staircase.
  4655 | Ossuary  | Entered an ossuary
  4868 | Ossuary  | HP: 1/62 [wraith (3)]
  4870 | Ossuary  | Slain by a wraith

Vault maps used:
D:1:      ldierk_walled_garden, cheibriados_altar_1
D:2:      uniq_jessica
D:3:      first_bread
D:4:      gammafunk_temple_overflow_wave, serial_shops, shop, uniq_edmund,
          uniq_sigmund
D:5:      nicolae_overflow_hidden_temple, temple_green, basic_altar
D:6:      enter_ossuary_2, uniq_crazy_yiuf_cottage
Temple:   jpeg_temple_clearing_12
Ossuary:  ossuary_due_mausoleum

Action                   |  1- 3 |  4- 6 |  7- 9 || total
-------------------------+-------+-------+-------++-------
Melee: War axe           |    60 |    78 |   150 ||   288
Throw: Javelin           |       |     7 |     1 ||     8
  Use: Potion            |       |     1 |     3 ||     4
 Stab: Sleeping          |       |       |     5 ||     5
  Eat: Chunk             |     1 |     5 |     6 ||    12
       Pizza             |       |       |     1 ||     1
